 Dungeon Crawl Stone Soup version 0.22-a0-422-g9628fc8 (webtiles) character file.

11 Amnesiac the Ducker (level 2, -9/14 HPs)
             Began as a Spriggan Transmuter on May 17, 2018.
             Mangled by an ogre
             ... wielding a +0 giant spiked club
              (23 damage)
             ... on level 4 of the Dungeon.
             The game lasted 00:01:37 (481 turns).

Amnesiac the Ducker (Spriggan Transmuter)            Turns: 481, Time: 00:01:38

Health: -9/14      AC:  2    Str:  6    XL:     2   Next: 17%
Magic:  1/6        EV: 18    Int: 14    God:
Gold:   49         SH:  0    Dex: 16    Spells: 3/6 levels left

rFire    . . .     SeeInvis +     - Unarmed
rCold    . . .     Gourm    .   (shield restricted)
rNeg     + . .     Faith    .   b - +0 robe
rPois    .         Spirit   .   (helmet restricted)
rElec    .         Reflect  .   (no cloak)
rCorr    .         Harm     .   (gloves unavailable)
MR       .....                  (boots unavailable)
Stlth    +.........             (no amulet)
HPRegen  0.04/turn              e - ring of positive energy
MPRegen  0.10/turn              (no ring)

@: appendage (expiring), very quick
A: very small, unfitting armour, talons 3, see invisible, herbivore, speed 3,
slow metabolism 2
a: End Transformation


You were on level 4 of the Dungeon.
You were not hungry.
You had grown temporary talons.
You visited 1 branch of the dungeon, and saw 4 of its levels.

You collected 49 gold pieces.

Inventory:

Missiles
 a - 9 arrows
Armour
 b - a +0 robe (worn)
Jewellery
 e - a ring of positive energy (left hand)
Scrolls
 f - a scroll of enchant armour {!r, unknown}
 h - a scroll of amnesia {!r, unknown}
 i - a scroll of noise {!r, unknown}
Potions
 c - 2 potions of curing {!q, unknown}
 g - a potion of heal wounds {!q, unknown}
Comestibles
 d - a ration


   Skills:
 - Level 1.0 Fighting
 - Level 3.0 Dodging
 - Level 2.9 Unarmed Combat
 + Level 2.6 Spellcasting
 * Level 2.6 Transmutations


You had 3 spell levels left.
You knew the following spells:

 Your Spells              Type           Power        Failure   Level  Hunger
a - Beastly Appendage     Tmut           #.....       8%          1    #......
b - Sticks to Snakes      Tmut           #.......     11%         2    ###....

Your spell library contained the following spells:

 Spells                   Type           Power        Failure   Level  Hunger
 Spider Form              Tmut/Pois      #.........   36%         3    ###....
 Blade Hands              Tmut           #.........   90%         5    ######.
 Ice Form                 Ice/Tmut       #.......     77%         4    #####..


Dungeon Overview and Level Annotations

Branches:
Dungeon (4/15)
 Temple: D:4-7

Altars:

Portals:
Ossuary: D:4


Innate Abilities, Weirdness & Mutations

You are very small and have problems with some larger weapons.
You are too small for most types of armour.
You have supernaturally acute eyesight. (SInv)
You are a herbivore.
You cover ground extremely quickly.
You need to consume almost no food.
You have claws for feet.


Message History

You now have 33 gold pieces (gained 14).
Found an escape hatch in the floor.
Found a scroll labeled CYQORPHAOTU.
You now have 36 gold pieces (gained 3).
You now have 49 gold pieces (gained 13).
A leopard gecko comes into view.
The leopard gecko hisses angrily.
The gnoll appears out of thin air!
A gnoll comes into view. It is wielding a spear.
The gnoll shouts!
An orc comes into view. It is wielding a club.
The orc shouts!
You hear an angry hiss.
A bat comes into view.
There is a stone staircase leading down here.
You climb downwards.
You hear the hiss of flowing sand.
There is an entrance to an ossuary on this level.
Hurry and find it before the portal is buried!
There is a stone staircase leading up here.
An ogre comes into view. It is wielding a giant spiked club.
Found a scroll labeled HOMISE QIOWAKK.
You open the door.
Found a sand-covered staircase.
There is an open door here.
You open the door.
There is an open door here.
i - a scroll labeled HOMISE QIOWAKK {!r}
Casting: Beastly Appendage (safe; 8% risk of failure)
Confirm with . or Enter, or press ? or * to list all spells.
You create a snake!
You now have 11 arrows.
Casting: Sticks to Snakes (safe; 11% risk of failure)
Confirm with . or Enter, or press ? or * to list all spells.
You create a snake!
You now have 10 arrows.
Casting: Sticks to Snakes (safe; 11% risk of failure)
Confirm with . or Enter, or press ? or * to list all spells.
You create a snake!
You now have 9 arrows.
You swap places.
What are your orders? t - Shout!
Orders for allies: a - Attack new target. r - Retreat! s - Stop attacking. g - Guard the area. f - Follow me.
Anything else - Cancel.
Gang up on whom?
Press: ? - help, Dir - move target cursor, f - ogre
Aim: an ogre, wielding a giant spiked club (resting) Attack!
The ogre shouts!
The ogre closely misses your ball python.
The ogre closely misses your ball python.
Found a trident, 12 gold pieces and a scroll labeled AMIF NEDUWISS.
Casting: Sticks to Snakes (safe; 11% risk of failure)
Confirm with . or Enter, or press ? or * to list all spells.
Your feet morph into talons.
You hit the ogre.
The ogre is heavily wounded.
The ogre barely misses you.
You hit the ogre. You claw the ogre, but do no damage.
The ogre is heavily wounded.
You hit the ogre. You claw the ogre.
The ogre is severely wounded.
Your transformation is almost over.
The ogre hits you with a giant spiked club!!
Ouch! That really hurt!
You die...

.... #....... ....
#...... #... ....
#..... +?. ... +....
.$. ## .. #...##+##..
... #.
#...#...#.+###....
##.####..'.∩.#......)..
#........#...#.........
+........##'##O@...#
.##+#####....SS.....#
#.............#######
#..<..........#
#.............#
#.............##
.....##..⌠.......
.....#............
.....#............


You could see an ogre and 2 friendly ball pythons.

Vanquished Creatures
  A dart slug (D:1)
  A leopard gecko (D:1)
  A ball python (D:1)
  2 goblins (D:1)
  A hobgoblin (D:2)
  2 rats
8 creatures vanquished.

Notes
Turn   | Place    | Note
-------+----------+-------------------------------------------
     0 | D:1      | Amnesiac the Spriggan Transmuter began the quest for the Orb.
     0 | D:1      | Reached XP level 1. HP: 9/9 MP: 5/5
    10 | D:1      | Reached skill level 1 in Fighting
    72 | D:1      | Reached XP level 2. HP: 10/14 MP: 4/6
    76 | D:1      | Learned a level 2 spell: Sticks to Snakes
   429 | D:4      | Noticed an ogre
   433 | D:4      | Found a sand-covered staircase.
   481 | D:4      | Mangled by an ogre

Vault maps used:
D:1:      dpeg_arrival_tiny_k, glass_columns_a, nemelex_diamond_rough_becter
D:2:      minitemple, hex_intersection
D:3:      marbit_many_paths, serial_glass, glass_columns_b, glass_columns_a,
          glass_columns_b, glass_columns_b, glass_columns_c, glass_columns_c,
          glass_columns_b, glass_columns_a, first_ration
D:4:      enter_ossuary_2, solitary_fountain, st_stairs_14, uniq_ijyb

Skill      XL: |  1 |
---------------+----+-----
Fighting       | 1 |  1.0
Dodging        | |  3.0
Unarmed Combat | |  2.9
Spellcasting   | |  2.6
Transmutations | |  2.6

Action                   || total
-------------------------++-------
Melee: Unarmed           ||    38
       Kick              ||     8
       Headbutt          ||     2
 Cast: Beastly Appendage ||     7
       Sticks to Snakes  ||     3
 Stab: Sleeping          ||     2
Armor: Robe              ||     2
Dodge: Dodged            ||    21

Table legend:
 A = Spawn XP
 B = Non-spawn XP
 C = Spawn XP percentage of total XP
 D = Spawn monster count
 E = Non-spawn monster count
 F = Spawn count percentage of total count
 G = Total turns spent on level
                    A         B        C        D         E        F      G
               +---------+---------+-------+---------+---------+-------+---------
         Total |       0 |      17 |   0.0 |       0 |       8 |   0.0 |   481
               +---------+---------+-------+---------+---------+-------+---------
           D:1 |       0 |      14 |   0.0 |       0 |       6 |   0.0 |   276
           D:2 |       0 |       2 |   0.0 |       0 |       1 |   0.0 |    63
           D:3 |       0 |       1 |   0.0 |       0 |       1 |   0.0 |    85
               +---------+---------+-------+---------+---------+-------+---------
